3A
GALESBURG GUZZLERS @ LOUISIANA DRAGOONS
05/20/2028
 
TOP OF THE 1ST
Galesburg Guzzlers batting - Pitching for Louisiana Dragoons : LHP Andrew Holloway
Pitching: LHP Andrew Holloway
Batting: RHB Eun-bum Kim 0-0: Ball
1-0: Ball
2-0: Fly out, F4 (Line Drive, 34)
Batting: SHB Willie McGirt 0-0: Ball
1-0: Foul Ball, location: 2F
1-1: Called Strike
1-2: Foul Ball, location: 2F
1-2: Ball
2-2: Foul Ball, location: 2F
2-2: Ball
3-2: Foul Ball, location: 2F
3-2: SINGLE (Line Drive, 56D)
Batting: RHB Toimi Vilkuna 0-0: Ball
1-0: Called Strike
1-1: Ball
2-1: SINGLE (Line Drive, 78M)
Willie McGirt to second
Batting: RHB Fletcher Megarity 0-0: Called Strike
0-1: Foul Ball, location: 2F
0-2: Foul Ball, location: 2F
0-2: Fly out, F4 (Line Drive, 34)
Batting: SHB Billy Dotson 0-0: Called Strike
0-1: Called Strike
0-2: Foul Ball, location: 2F
0-2: Ball
1-2: Strikes out swinging
Top of the 1st over - 0 run(s), 2 hit(s), 0 error(s), 2 left on base; Galesburg 0 - Louisiana 0
BOTTOM OF THE 1ST
Louisiana Dragoons batting - Pitching for Galesburg Guzzlers : LHP Mike McKay
Pitching: LHP Mike McKay
Batting: RHB Reynaldo Padilla 0-0: Ball
1-0: SINGLE (Groundball, 34D)
Batting: RHB David Martínez 0-0: Fly out, F7 (Line Drive, 7)
Batting: RHB Nelson Muntz 0-0: Ball
Reynaldo Padilla is caught stealing 2nd base
1-0: Swinging Strike
1-1: Foul Ball, location: 2F
1-2: Ball
2-2: Foul Ball, location: 2F
2-2: Strikes out looking
Bottom of the 1st over - 0 run(s), 1 hit(s), 0 error(s), 0 left on base; Galesburg 0 - Louisiana 0
TOP OF THE 2ND
Galesburg Guzzlers batting - Pitching for Louisiana Dragoons : LHP Andrew Holloway
Batting: LHB Marshall Willis 0-0: Called Strike
0-1: Ground out 4-3 (Groundball, 4)
Batting: RHB Jack Stidston 0-0: Called Strike
0-1: Ball
1-1: Foul Ball, location: 2F
1-2: Fly out, F8 (Flyball, 8RM)
Batting: LHB Ángelo Corona 0-0: Ball
1-0: Called Strike
1-1: Fly out, F7 (Flyball, 78S)
Top of the 2nd over - 0 run(s), 0 hit(s), 0 error(s), 0 left on base; Galesburg 0 - Louisiana 0
BOTTOM OF THE 2ND
Louisiana Dragoons batting - Pitching for Galesburg Guzzlers : LHP Mike McKay
Batting: RHB Greg Kennamer 0-0: Ball
1-0: Ball
2-0: Foul Ball, location: 2F
2-1: Ball
3-1: Foul Ball, location: 2F
3-2: Foul Ball, location: 2F
3-2: Foul Ball, location: 2F
3-2: SINGLE (Groundball, 56D)
Batting: SHB Kilipaki Malamapono 0-0: Ball
1-0: Ball
2-0: Called Strike
2-1: DOUBLE (Line Drive, 78XD)
Greg Kennamer to third
Runner from 3rd tries for Home, SAFE, no throw
Pitching: RHP Rex Negrete
Batting: RHB Pat Sizemore 0-0: Ball
1-0: Swinging Strike
1-1: SINGLE (Flyball, 78M)
Kilipaki Malamapono to third
Batting: RHB Jorge Alcantar 0-0: Foul Ball, location: 2F
0-1: Ball
1-1: Swinging Strike
1-2: Ball
2-2: Ball
3-2: Foul Ball, location: 2F
3-2: Strikes out swinging
Batting: SHB Ángel Costa 0-0: Fly out, F8 (Flyball, 8RM)
Runner from 3rd tags up, SCORES, no throw
Batting: LHB António Candelária 0-0: Called Strike
0-1: Ball
1-1: Ball
2-1: Fly out, F3 (Popup, 3S)
Bottom of the 2nd over - 2 run(s), 3 hit(s), 0 error(s), 1 left on base; Galesburg 0 - Louisiana 2
TOP OF THE 3RD
Galesburg Guzzlers batting - Pitching for Louisiana Dragoons : LHP Andrew Holloway
Batting: LHB Andre González 0-0: Swinging Strike
0-1: Called Strike
0-2: Foul Ball, location: 2F
0-2: Strikes out looking
Batting: RHB Eun-bum Kim 0-0: Ball
1-0: Called Strike
1-1: SINGLE (Flyball, 8RS)
Batting: SHB Willie McGirt 0-0: Fly out, F8 (Flyball, 8RM)
Batting: RHB Toimi Vilkuna 0-0: Ball
Eun-bum Kim steals 2nd base
1-0: Ball
2-0: SINGLE (Line Drive, 34D)
Eun-bum Kim to third
Runner from 3rd tries for Home, SAFE, no throw
Batting: RHB Fletcher Megarity 0-0: Called Strike
0-1: Called Strike
0-2: Foul Ball, location: 2F
0-2: Ball
1-2: Foul Ball, location: 2F
1-2: Ball
2-2: Foul Ball, location: 2F
2-2: Ball
3-2: SINGLE (Groundball, 6MD)
Toimi Vilkuna to second
Toimi Vilkuna to third
Batting: SHB Billy Dotson 0-0: Ball
1-0: Ball
2-0: Fly out, F7 (Flyball, 7S)
Top of the 3rd over - 1 run(s), 3 hit(s), 0 error(s), 2 left on base; Galesburg 1 - Louisiana 2
BOTTOM OF THE 3RD
Louisiana Dragoons batting - Pitching for Galesburg Guzzlers : RHP Rex Negrete
Batting: RHB Reynaldo Padilla 0-0: Ball
1-0: Ball
2-0: Ball
3-0: SINGLE (Flyball, 89S)
Batting: RHB David Martínez 0-0: Ball
1-0: Foul Ball, location: 2F
1-1: Ball
2-1: Swinging Strike
2-2: Strikes out swinging
Batting: RHB Nelson Muntz 0-0: Ball
1-0: Swinging Strike
1-1: Ball
2-1: Ball
3-1: Fly out, F8 (Flyball, 8RM)
Batting: RHB Greg Kennamer 0-0: Ball
1-0: Ball
2-0: Called Strike
2-1: Called Strike
2-2: Ball
Reynaldo Padilla steals 2nd base
3-2: Strikes out looking
Bottom of the 3rd over - 0 run(s), 1 hit(s), 0 error(s), 1 left on base; Galesburg 1 - Louisiana 2
TOP OF THE 4TH
Galesburg Guzzlers batting - Pitching for Louisiana Dragoons : LHP Andrew Holloway
Batting: LHB Marshall Willis 0-0: SINGLE (Groundball, 25) (infield hit)
Pinch Runner at 1st Stephen Chávez:
Batting: RHB Jack Stidston 0-0: SINGLE (Groundball, 6MD)
Stephen Chávez to second
Batting: LHB Ángelo Corona 0-0: Ball
1-0: Fly out, F7 (Flyball, 7LSF)
Batting: LHB Andre González 0-0: Swinging Strike
0-1: Foul Ball, location: 2F
0-2: Ball
1-2: Strikes out swinging
Batting: RHB Eun-bum Kim 0-0: Foul Ball, location: 2F
0-1: Fly out, F3 (Popup, 3L)
Top of the 4th over - 0 run(s), 2 hit(s), 0 error(s), 2 left on base; Galesburg 1 - Louisiana 2
BOTTOM OF THE 4TH
Louisiana Dragoons batting - Pitching for Galesburg Guzzlers : RHP Rex Negrete
Now in LF: Stephen Chávez
Batting: SHB Kilipaki Malamapono 0-0: Ball
1-0: Fly out, F9 (Line Drive, 9)
Batting: RHB Pat Sizemore 0-0: SINGLE (Line Drive, 89M)
Batting: RHB Jorge Alcantar 0-0: Ball
1-0: Swinging Strike
1-1: Called Strike
1-2: Ball
2-2: Ball
3-2: Strikes out swinging
Pat Sizemore steals 2nd base
Batter strikes out.
Batting: SHB Ángel Costa 0-0: Called Strike
0-1: Ball
1-1: Swinging Strike
1-2: Ground out 4-3 (Groundball, 4)
Bottom of the 4th over - 0 run(s), 1 hit(s), 0 error(s), 1 left on base; Galesburg 1 - Louisiana 2
TOP OF THE 5TH
Galesburg Guzzlers batting - Pitching for Louisiana Dragoons : LHP Andrew Holloway
Batting: SHB Willie McGirt 0-0: Foul Ball, location: 2F
0-1: Foul Ball, location: 2F
0-2: Ball
1-2: Ground out 1-3 (Groundball, 15)
Batting: RHB Toimi Vilkuna 0-0: Ball
1-0: Called Strike
1-1: Swinging Strike
1-2: Ball
2-2: Foul Ball, location: 2F
2-2: Foul Ball, location: 2F
2-2: Strikes out swinging
Batting: RHB Fletcher Megarity 0-0: Ball
1-0: Ball
2-0: Ball
3-0: Called Strike
3-1: Called Strike
3-2: SINGLE (Groundball, 4) (infield hit)
Batting: SHB Billy Dotson 0-0: DOUBLE (Groundball, 5L)
Fletcher Megarity to third
Batting: RHB Stephen Chávez 0-0: Ball
1-0: Swinging Strike
1-1: Ground out 6-3 (Groundball, 6)
Top of the 5th over - 0 run(s), 2 hit(s), 0 error(s), 2 left on base; Galesburg 1 - Louisiana 2
BOTTOM OF THE 5TH
Louisiana Dragoons batting - Pitching for Galesburg Guzzlers : RHP Rex Negrete
Pitching: RHP Tony DeWitt
Batting: LHB António Candelária 0-0: Called Strike
0-1: Ball
1-1: Ground out 3-1 (Groundball, 2R)
Batting: RHB Reynaldo Padilla 0-0: Ball
1-0: Fly out, F9 (Flyball, 9S)
Batting: RHB David Martínez 0-0: Hit by Pitch
Batting: RHB Nelson Muntz 0-0: Foul Ball, location: 2F
0-1: Ball
1-1: Foul Ball, location: 2F
1-2: Ball
2-2: Ball
3-2: Strikes out looking
Bottom of the 5th over - 0 run(s), 0 hit(s), 0 error(s), 1 left on base; Galesburg 1 - Louisiana 2
TOP OF THE 6TH
Galesburg Guzzlers batting - Pitching for Louisiana Dragoons : LHP Andrew Holloway
Batting: RHB Jack Stidston 0-0: Ball
1-0: Called Strike
1-1: Ball
2-1: SINGLE (Groundball, 6D)
Batting: LHB Ángelo Corona 0-0: Sac Bunt - play at first, batter OUT! 1-4
Jack Stidston to second
Batting: LHB Andre González 0-0: Foul Ball, location: 2F
0-1: Ball
1-1: Swinging Strike
1-2: Strikes out swinging
Pitching: RHP Joong Ban
Batting: RHB Eun-bum Kim 0-0: Ball
1-0: Called Strike
1-1: Called Strike
1-2: Ball
2-2: Foul Ball, location: 2F
2-2: Ground out 6-3 (Groundball, 6)
Top of the 6th over - 0 run(s), 1 hit(s), 0 error(s), 1 left on base; Galesburg 1 - Louisiana 2
BOTTOM OF THE 6TH
Louisiana Dragoons batting - Pitching for Galesburg Guzzlers : RHP Tony DeWitt
Batting: RHB Greg Kennamer 0-0: Called Strike
0-1: Swinging Strike
0-2: Foul Ball, location: 2F
0-2: Strikes out looking
Batting: SHB Kilipaki Malamapono 0-0: Ball
1-0: Called Strike
1-1: Ground out 4-3 (Groundball, 4)
Batting: RHB Pat Sizemore 0-0: Called Strike
0-1: Foul Ball, location: 2F
0-2: Strikes out swinging
Bottom of the 6th over - 0 run(s), 0 hit(s), 0 error(s), 0 left on base; Galesburg 1 - Louisiana 2
TOP OF THE 7TH
Galesburg Guzzlers batting - Pitching for Louisiana Dragoons : RHP Joong Ban
Batting: SHB Willie McGirt 0-0: Ground out 4-3 (Groundball, 4)
Batting: RHB Toimi Vilkuna 0-0: Called Strike
0-1: Swinging Strike
0-2: Strikes out looking
Batting: RHB Fletcher Megarity 0-0: SINGLE (Line Drive, 6D)
Pinch Hitting: LHB Armando Rodríguez 0-0: Called Strike
0-1: Swinging Strike
0-2: Fly out, F8 (Flyball, 8LS)
Top of the 7th over - 0 run(s), 1 hit(s), 0 error(s), 1 left on base; Galesburg 1 - Louisiana 2
BOTTOM OF THE 7TH
Louisiana Dragoons batting - Pitching for Galesburg Guzzlers : RHP Tony DeWitt
Now in LF: Armando Rodríguez
Batting: RHB Jorge Alcantar 0-0: Called Strike
0-1: DOUBLE (Flyball, 8LM)
Pinch Hitting: LHB Carlos Pińa 0-0: Intentional Walk
Pinch Hitting: RHB Domingo Colón 0-0: Ball
1-0: Ball
2-0: Fly out, F8 (Line Drive, 78M)
Pinch Hitting: LHB Everett Wichmann 0-0: Ball
1-0: Ball
2-0: Ball
3-0: Base on Balls
Jorge Alcantar to third
Carlos Pińa to second
Batting: RHB David Martínez 0-0: Grounds into fielders choice 6-2 (Groundball, 6)
Carlos Pińa to third
Everett Wichmann to second
Batting: RHB Nelson Muntz 0-0: Ball
1-0: Called Strike
1-1: Fielders Choice at 2nd, 4-6 (Groundball, 4)
Bottom of the 7th over - 0 run(s), 1 hit(s), 0 error(s), 2 left on base; Galesburg 1 - Louisiana 2
TOP OF THE 8TH
Galesburg Guzzlers batting - Pitching for Louisiana Dragoons : RHP Joong Ban
Pitching: RHP António Andrade
Now at C: Miguel Betancourt
Now at 1B: Domingo Colón
Now in CF: Everett Wichmann
Batting: RHB Stephen Chávez 0-0: Ball
Now in LF: Carlos Pińa 1-0: Ball
2-0: Called Strike
2-1: Foul Ball, location: 2F
2-2: Strikes out looking
Batting: RHB Jack Stidston 0-0: Ball
1-0: Reached on error, E5 (Groundball, 56)
Pitching: LHP Ki-heung Kim
Batting: LHB Ángelo Corona 0-0: Fielders Choice at 2nd, 4-6 (Groundball, 34)
Pinch Hitting: RHB Barrett Drury
Pitching: RHP Alfredo Velásquez 0-0: Ball
1-0: SINGLE (Line Drive, 7LM)
Ángelo Corona to second
Pinch Hitting: LHB Jim Unknown 0-0: Ball
1-0: Fly out, F5 (Popup, 5D)
Top of the 8th over - 0 run(s), 1 hit(s), 1 error(s), 2 left on base; Galesburg 1 - Louisiana 2
BOTTOM OF THE 8TH
Louisiana Dragoons batting - Pitching for Galesburg Guzzlers : RHP Tony DeWitt
Now at 1B: Jim Unknown
Now at SS: Barrett Drury
Batting: RHB Greg Kennamer 0-0: Foul Ball, location: 2F
0-1: Ball
1-1: Ball
2-1: Ground out 5-3 (Groundball, 25)
Batting: SHB Kilipaki Malamapono 0-0: Called Strike
0-1: Ball
1-1: Swinging Strike
1-2: Strikes out swinging
Batting: RHB Pat Sizemore 0-0: Foul Ball, location: 2F
0-1: Fly out, F8 (Flyball, 89M)
Bottom of the 8th over - 0 run(s), 0 hit(s), 0 error(s), 0 left on base; Galesburg 1 - Louisiana 2
TOP OF THE 9TH
Galesburg Guzzlers batting - Pitching for Louisiana Dragoons : RHP Alfredo Velásquez
Pitching: RHP Gary Mason
Batting: SHB Willie McGirt 0-0: Called Strike
0-1: Ball
1-1: Ball
2-1: Fly out, F8 (Line Drive, 89M)
Pinch Hitting: RHB Jim Unknown 0-0: Ball
1-0: Swinging Strike
1-1: Foul Ball, location: 2F
1-2: Strikes out swinging
Batting: RHB Fletcher Megarity 0-0: Ball
1-0: Ball
2-0: SINGLE (Line Drive, 4MD)
Batting: LHB Armando Rodríguez 0-0: Called Strike
0-1: Called Strike
0-2: Ball
1-2: Fly out, F9 (Flyball, 9S)
Top of the 9th over - 0 run(s), 1 hit(s), 0 error(s), 1 left on base; Galesburg 1 - Louisiana 2
Wednesday, July 12th, 2017 - OOTP Baseball 17.12 Build 75